Map: King's Cove LE

Players

Serral

  • Race: Zerg Zerg
  • League: Grandmaster
  • Spawn Location: 5:00

LiquidTLO (TLO) - Winner!

  • Race: Zerg Zerg
  • League: Grandmaster
  • Spawn Location: 11:00

Event: HomeStory Cup XIX

VOD

Have the link to the VOD?

Description

Time

  • Played on: June 27, 2019, 2:28 p.m.
  • Length: 8:03

All games in this series

Show
View Real Time Build Order
Export as new Build Order

Serral Zerg 

Build Orders: Hatch First 

Get SALT Encoding   

  12  0:00  Drone  
  13  0:13  Overlord  
  13  0:18  Drone  
  14  0:31  Drone x2  
  16  0:50  Hatchery  
  16  0:53  Drone  
  16  0:56  Drone  
  17  0:59  Drone  
  18  1:10  Extractor  
  17  1:15  Spawning Pool  
  16  1:18  Drone  
  16  1:23  Drone  
  18  1:28  Drone  
  19  1:40  Drone  
  20  1:54  Overlord  
  20  2:02  Queen x2  
  20  2:03  Zergling x4  
  26  2:11  Metabolic Boost  
  26  2:12  Drone  
  26  2:14  Drone  
  28  2:23  Zergling x2  
  28  2:24  Zergling x2  
  28  2:29  Spine Crawler  
  29  2:36  Zergling x2  
  29  2:37  Zergling x2  
  31  2:50  Baneling Nest  
  31  2:51  Overlord  
  31  2:52  Drone  
  31  2:55  Drone x2  
  34  3:13  Hatchery  
  34  3:15  Drone  
  34  3:18  Drone  
  35  3:23  Zergling x4  
  35  3:26  Drone  
  38  3:30  Zergling x4  
  40  3:34  Baneling  
  40  3:38  Zergling x4  
  40  3:43  Zergling x2  
  40  3:44  Zergling x4  
  40  3:47  Zergling x2  
  38  3:51  Baneling x2  
  38  3:54  Zergling x2  
  38  4:00  Queen  
  40  4:03  Drone  
  40  4:09  Overlord  
  41  4:10  Baneling  
  41  4:12  Zergling x4  
  43  4:23  Drone  
  44  4:30  Drone x2  
  45  4:37  Zergling x2  
  45  4:38  Zergling x4  
  43  4:42  Zergling x10  
  40  4:53  Baneling x3  
  40  4:55  Zergling x8  
  27  5:15  Zergling x2  
  28  5:22  Zergling x4  
  30  5:28  Zergling x2  
  30  5:38  Baneling, Zergling x2  
  30  5:39  Zergling x2  
  30  5:42  Baneling x2  
  30  5:44  Zergling x2  
  31  5:51  Zergling x4  
  31  5:53  Baneling  
  30  5:59  Zergling x2  
  30  6:07  Zergling x4  
  31  6:16  Zergling x4  
  33  6:20  Baneling  
  33  6:27  Zergling x2  
  34  6:35  Baneling  
  34  6:36  Baneling x2  
  34  6:39  Zergling x2  
  35  6:49  Zergling x4  
  34  6:57  Zergling x4  
  34  7:00  Baneling  
  34  7:01  Baneling  
  34  7:03  Baneling  
  34  7:09  Zergling x2  
  34  7:13  Zergling x2  
  35  7:20  Baneling x2  
  34  7:22  Zergling x2  
  34  7:27  Zergling x2  
  33  7:35  Zergling x2  
  31  7:37  Zergling x2  
  31  7:42  Zergling x2  
  32  7:46  Baneling  
  32  7:49  Drone  
Show
View Real Time Build Order
Export as new Build Order

LiquidTLO Zerg - Winner!

Build Orders: Hatch First 

Get SALT Encoding   

  12  0:00  Drone  
  13  0:12  Overlord  
  13  0:18  Drone  
  14  0:30  Drone  
  14  0:31  Drone  
  16  0:45  Drone  
  17  0:54  Hatchery  
  16  0:58  Drone  
  16  1:00  Drone  
  18  1:08  Extractor  
  17  1:16  Spawning Pool  
  16  1:19  Drone  
  16  1:22  Drone  
  18  1:29  Drone  
  19  1:39  Overlord  
  19  1:49  Drone  
  20  2:03  Queen  
  20  2:04  Zergling x2  
  20  2:05  Queen  
  20  2:08  Metabolic Boost  
  25  2:16  Zergling x4  
  25  2:22  Zergling x2  
  28  2:23  Zergling x2  
  29  2:31  Zergling x2  
  29  2:33  Zergling x2  
  31  2:39  Zergling x2  
  32  2:48  Hatchery  
  31  2:52  Zergling x2  
  31  2:53  Zergling x2  
  31  2:57  Zergling x2  
  34  3:02  Zergling x2  
  34  3:04  Zergling x2  
  36  3:13  Overlord  
  36  3:32  Zergling x12  
  42  3:35  Zergling x2  
  41  3:42  Zergling x2  
  41  3:45  Zergling x2  
  38  3:54  Zergling x2  
  39  3:58  Zergling x2  
  39  4:00  Zergling x6  
  39  4:01  Zergling x2  
  42  4:04  Zergling x2  
  42  4:06  Zergling x2  
  42  4:07  Zergling x2  
  42  4:08  Drone x2  
  45  4:11  Zergling x2  
  46  4:19  Zergling x4  
  46  4:21  Zergling x2  
  49  4:29  Zergling x2  
  49  4:30  Zergling x2  
  50  4:33  Zergling x2  
  50  4:38  Zergling x2  
  45  4:39  Zergling x4  
  45  4:40  Zergling x2  
  45  4:42  Zergling x2  
  45  4:43  Zergling x4  
  46  4:45  Zergling x2  
  46  4:48  Zergling x2  
  46  4:58  Zergling x2  
  46  4:59  Zergling x2  
  44  5:00  Zergling x2  
  44  5:04  Zergling x2  
  44  5:06  Zergling x4  
  39  5:09  Zergling x2  
  39  5:11  Zergling x2  
  40  5:15  Zergling x2  
  40  5:19  Drone  
  42  5:22  Drone  
  42  5:25  Drone  
  44  5:28  Drone  
  44  5:33  Drone  
  44  5:36  Drone  
  44  5:39  Drone  
  44  5:48  Baneling Nest  
  42  5:50  Zergling x2  
  42  5:51  Zergling x2  
  42  5:56  Zergling x4  
  44  6:02  Drone  
  44  6:03  Drone  
  44  6:06  Zergling x2  
  44  6:12  Zergling x2  
  44  6:16  Zergling x2  
  44  6:18  Zergling x4  
  46  6:19  Drone  
  46  6:20  Zergling x2  
  48  6:26  Zergling x4  
  48  6:29  Overlord  
  50  6:37  Baneling x6  
  48  6:47  Drone x3  
  48  6:51  Drone  
  48  6:53  Zergling x2  
  51  6:57  Zergling x2  
  51  6:58  Zergling x6  
  49  7:01  Zergling x2  
  49  7:02  Zergling x2  
  49  7:05  Zergling x2  
  49  7:06  Zergling x2  
  49  7:07  Baneling  
  51  7:12  Zergling x2  
  51  7:14  Zergling x2  
  52  7:20  Baneling x2  
  52  7:21  Baneling, Zergling x2  
  49  7:23  Zergling x2  
  49  7:24  Zergling x2  
  49  7:26  Zergling x4  
  49  7:29  Baneling  
  50  7:30  Zergling x4  
  50  7:34  Zergling x2  
  50  7:36  Zergling x2  
  50  7:37  Zergling x2  
  50  7:42  Drone x2  
Tags
 
Add a new tag
Caveats
  • Supply blocks, unpowered buildings, or Contaminate may cause inaccurate times.
  • Supply counts are checked every 10 seconds.